 Dungeon Crawl Stone Soup version 0.29.1-1-gd02db6906a (webtiles) character file.

Game seed: 16208057642472454763

4 croobank the Caller (level 1, -1/10 HPs)
             Began as a Felid Summoner on Oct 22, 2022.
             Slain by a quokka (3 damage)
             ... on level 1 of the Dungeon.
             The game lasted 00:00:53 (111 turns).

croobank the Caller (Felid Summoner)                 Turns: 111, Time: 00:00:54

Health: -1/10      AC: 20    Str:  4    XL:     1   Next: 58%
Magic:  3/4        EV:  4    Int: 16    God:
Gold:   0          SH:  0    Dex: 16    Spells: 3/4 levels left
                                        Lives:  0   Deaths: 0

rFire   . . .      SeeInvis +   (weapon unavailable)
rCold   . . .      Faith    .   (shield unavailable)
rNeg    . . .      Spirit   .   (body armour unavailable)
rPois   +          Reflect  .   (helmet unavailable)
rElec   .          Harm     .   (cloak unavailable)
rCorr   .          Rampage  .   (gloves unavailable)
Will    .....      NoTele   +   (boots unavailable)
Stlth   ++........              (no amulet)
HPRegen 0.03/turn               (no ring)
MPRegen 0.09/turn               (no ring)

@: tree-form
A: stationary, stasis, torment immunity, boosted hp, very small, (claws 1),
(fangs 3), see invisible, (speed 1), (shaggy fur 1), (stealthy paws), no weapons
or thrown items, no armour, multi-lived
a: no special abilities


You were on level 1 of the Dungeon.
You were a tree.
You visited 1 branch of the dungeon, and saw 1 of its levels.

You aren't carrying anything.


   Skills:
 + Level 2.9 Dodging
 + Level 2.9 Stealth
 + Level 2.1 Spellcasting
 + Level 4.0 Summonings


You had 3 spell levels left.
You knew the following spells:

 Your Spells              Type           Power      Damage    Failure   Level
a - Summon Small Mammal   Summ           56%        N/A       3%          1

Your spell library contained the following spells:

 Spells                   Type           Power      Damage    Failure   Level
 Call Imp                 Summ           14%        N/A       6%          2
 Call Canine Familiar     Summ           14%        N/A       12%         3
 Summon Guardian Golem    Hex/Summ       8%         N/A       26%         3
 Summon Lightning Spire   Summ/Air       8%         N/A       65%         4


Dungeon Overview and Level Annotations

Branches:
Dungeon (1/15)

Altars:


Innate Abilities, Weirdness & Mutations

You are a tree.
Your roots penetrate the ground, keeping you stationary.
You cannot be teleported.
You are immune to unholy pain and torment.
Your maximum health is greatly increased.
((You have sharp claws.))
((You have razor-sharp teeth.))
You have supernaturally acute eyesight. (SInv)
((You cover ground quickly. (Speed+)))
((You are covered in fur. (AC +1)))
((Your paws help you pounce on unaware monsters.))
You are incapable of wielding weapons or throwing items.
You cannot wear armour.
You gain extra lives every three experience levels.


Message History

Your bat misses the ball python. Your bat hits the ball python.
Your rat misses the ball python. The ball python bites your rat.
The ball python closely misses your rat.
Your bat hits the ball python. x2; The ball python bites your bat.
The ball python completely misses your bat.
Your rat barely misses the ball python.
Your bat hits the ball python.
The ball python dies!
The frilled lizard hisses angrily.
There is a stone staircase leading down here.
Your bat closely misses the quokka.
Your bat hits the quokka but does no damage.
Your bat closely misses the quokka.
Casting: Summon Small Mammal (safe; 3% risk of failure)
Confirm with . or Enter, or press ? or * to list all spells.
Your bat disappears in a puff of smoke!
The frilled lizard closely misses your rat.
The quokka barely misses you.
Casting: Summon Small Mammal (safe; 3% risk of failure)
Confirm with . or Enter, or press ? or * to list all spells.
Your rat disappears in a puff of smoke!
Your bat hits the quokka. The quokka closely misses you. The quokka misses you.
Your bat barely misses the quokka.
The quokka bites your quokka but does no damage.
Your quokka barely misses the quokka.
It was a potion of lignification.
You turn into a tree.
Your roots penetrate the ground.
Your bat barely misses the quokka.
The quokka bites you but does no damage.
The quokka closely misses your quokka.
Your quokka closely misses the quokka.
Magic courses through your body.
The quokka bites you but does no damage.
The quokka misses your quokka.
Your quokka misses the quokka.
Casting: Summon Small Mammal (safe; 3% risk of failure)
Confirm with . or Enter, or press ? or * to list all spells.
Your bat disappears in a puff of smoke!
The quokka barely misses you. The quokka closely misses your quokka.
Your quokka bites the quokka.
The quokka dies!
The quokka bites you.
You die...

...................#
......#.>..........#
.l...#.....?......#
.....#............#
#+## #...$........#
#............#
#l.§.........#
#rr.?........#
#♣........
#.r.......
######+###


You could see a quokka (ally target), a frilled lizard, a friendly quokka
(summoned) and a friendly rat (summoned).

Vanquished Creatures
  A quokka (D:1)
  A bat (D:1)
2 creatures vanquished.

Vanquished Creatures (collateral kills)
  A ball python (D:1)
  A bat (D:1)
  A quokka (D:1)
3 creatures vanquished.

Grand Total: 5 creatures vanquished

Notes
Turn   | Place    | Note
-------+----------+-------------------------------------------
     0 | D:1      | croobank the Felid Summoner began the quest for the Orb.
     0 | D:1      | Reached XP level 1. HP: 7/7 MP: 4/4
   111 | D:1      | Slain by a quokka

Illustrated notes

Levels and vault maps discovered:
D:1:      dpeg_arrival_fog, layout_basic, kennysheep_minor_cross

Action                   || total
-------------------------++-------
Melee: Unarmed           ||     3
       Bite              ||     2
 Cast: Summon Small Mamm ||     9
  Use: Potion            ||     2
Armor: Skin              ||     2
Dodge: Dodged            ||     7
